AoeStats
← neoareyaneg

Arabia

503711360Analyzed
3v3 RM · 1mo ago on Sep 1, 2026· 44m 18s· 6 players
Game mode
Random Map
Map size
Normal (6 player)
Population
200
Speed
Normal
Resources
Standard
Victory
Conquest
Starting age
Dark Age
Ending age
Imperial Age
RankedLock teamsTeams togetherTeam positionsShared explorationLock speedFull tech treeHidden civsTurbo modeCheats
Victory
Defeat
🇨🇴 Burgundians · Colombia
909
+15
🇨🇴 Ethiopians · Colombia
894
+16
🇨🇴 Poles · Colombia
874
+17
🇲🇽 Khmer · Mexico
902
-16
🇲🇽 Vietnamese · Mexico
894
-16
🇲🇽 Mongols · Mexico
894
-16
juanthestone
0:27 Loom
11:44 Feudal Age
13:01 Double-Bit Axe
21:25 Castle Age
20:02 Bow Saw
21:34 Scale Barding Armor
22:46 Wheelbarrow
22:14 Husbandry
23:08 Chain Barding Armor
25:58 Forging
27:16 Hand Cart
30:56 Treadmill Crane
34:05 Imperial Age
31:16 Cavalier
35:01 Iron Casting
35:46 Conscription
38:10 Ballistics
41:05 Light Cavalry
mateojime2018
0:33 Loom
12:50 Feudal Age
16:39 Bloodlines
19:39 Forging
23:09 Castle Age
22:20 Scale Barding Armor
22:33 Horse Collar
25:57 Husbandry
29:44 Iron Casting
36:02 Chain Barding Armor
42:27 Imperial Age
43:46 Wheelbarrow
44:10 Light Cavalry
Valterito
0:42 Loom
13:03 Feudal Age
13:36 Double-Bit Axe
18:11 Castle Age
17:42 Gold Mining
17:35 Horse Collar
18:09 Fletching
18:14 Crossbowman
19:52 Bow Saw
21:39 Wheelbarrow
22:57 Padded Archer Armor
23:40 Elite Skirmisher
26:53 Bodkin Arrow
29:13 Squires
31:25 Leather Archer Armor
37:47 Stone Mining
41:45 Imperial Age
41:53 Hand Cart
42:37 Ballistics
43:42 Two-Man Saw
44:27 Chemistry
43:11 Arbalester
44:54 Bracer
neoareyaneg
1:59 Loom
11:17 Feudal Age
13:49 Horse Collar
19:55 Castle Age
18:59 Bloodlines
20:56 Town Watch
24:37 Arson
43:16 Ballistics
42:52 Murder Holes
agv894
10:39 Feudal Age
11:09 Double-Bit Axe
11:34 Horse Collar
13:48 Loom
16:26 Town Watch
17:15 Bloodlines
20:44 Wheelbarrow
24:57 Castle Age
24:28 Stone Mining
24:49 Scale Barding Armor
26:10 Bow Saw
27:34 Chain Barding Armor
27:20 Husbandry
28:07 Hand Cart
29:44 Heavy Plow
29:59 Gold Mining
34:16 Thumb Ring
33:35 Light Cavalry
36:56 Imperial Age
37:37 Town Patrol
39:36 Conscription
41:29 Forging
41:10 Fletching
41:20 Padded Archer Armor
44:25 Leather Archer Armor
yehoshafat.s.r
10:18 Feudal Age
13:14 Double-Bit Axe
14:24 Fletching
15:25 Padded Archer Armor
15:24 Horse Collar
16:10 Loom
17:12 Wheelbarrow
23:06 Castle Age
23:56 Thumb Ring
23:12 Crossbowman
24:11 Gold Mining
24:33 Bow Saw
28:22 Forging
28:18 Scale Barding Armor
30:00 Bloodlines
29:50 Husbandry
30:28 Heavy Plow
31:34 Iron Casting
34:11 Chain Barding Armor
38:22 Bodkin Arrow
43:52 Ballistics
Connection lost

Rejoining the realm…

Still unreachable

The connection could not be restored.

Session expired

The server has moved on; the page needs a fresh start.